[Event "USA-ch Women 2024"]
[Site "Saint Louis"]
[Date "2024.10.18"]
[Round "7.1"]
[White "Atwell, Rose"]
[Black "Tokhirjonova, Gulrukhbegim"]
[Result "0-1"]
[ECO "C88"]
[WhiteElo "2185"]
[BlackElo "2374"]
[Annotator "TA"]
[PlyCount "60"]
[EventDate "2024.10.09"]
[EventType "tourn"]
[EventCountry "USA"]
[SourceTitle "playchess.com"]
[Source "ChessBase"]
[SourceQuality "1"]
[TimeControl "40/5400+30:1800+30"]

1. e4 e5 2. Nf3 Nc6 3. Bb5 a6 4. Ba4 Nf6 5. O-O Be7 6. Re1 b5 7. Bb3 O-O 8. h3 Bb7 9. d3 d5 10. exd5 Nxd5 11. a4 b4 {[%emt 0:06:31] White has an edge.} 12. Nbd2 a5 13. Nxe5 Nxe5 14. Rxe5 Nf4 15. Nf3 (15. Qg4 {seems wilder.} Nxg2 16. Ne4 Ra6 17. Bg5) 15... Nxg2 16. Kxg2 $16 {[%emt 0:05:15] Strongly threatening Be3.} Ra6 17. Kf1 {[%emt 0:07:34] [#] Hoping for Ng5.} Qd7 $2 (17... Rf6 $16 18. Ng5 Qd4) 18. Ng1 $18 Rg6 19. Qh5 $1 (19. Rxa5 Rxg1+ (19... Bg2+ $2 20. Ke2 $18) 20. Kxg1 Qxh3 $11) 19... Bf6 20. Qf5 (20. Rxa5 $142 {Black must now prevent Nf3.} Bd4 (20... Bg2+ $2 21. Ke2 $18) 21. Be3) 20... Qd6 (20... Qd8 $142 21. Rd5 (21. Rxa5 Bg2+ 22. Ke1 Be4 $16) 21... Bxd5 22. Qxd5 Qe7) 21. Re2 $4 (21. Rxa5 $18 c5 22. Ra7 (22. Rxc5 Bd4 $17) (22. Qxc5 $2 Qh2 $19)) 21... Qh2 $19 {[%emt 0:02:27][%csl Gh2][%cal Rg6g1] [#]} 22. Bxf7+ Kh8 $1 ({Stronger than} 22... Rxf7 23. Re8+ Rf8 24. Qe6+ Kh8 25. Rxf8#) 23. Re8 Rxg1+ 24. Ke2 Rxe8+ 25. Bxe8 Qg2 26. Bh5 Qf1+ 27. Ke3 Rg5 (27... Rg3+ $142 28. fxg3 Qxf5 29. c3 Qxh5 30. Kd2 Qd5 (30... Qxh3 31. Kc2 Qh2+ 32. Bd2 b3+ 33. Kxb3 Qxd2 34. Kc4 Qxb2 35. d4 Be4 36. Rf1 Qa2+ 37. Kb5 Qb3+ 38. Kxa5 Qb6#) 31. d4 Qg2+ 32. Kd3 Be4+ (32... Qxh3 $2 33. Bf4 $19) 33. Kc4 Qe2+ (33... Qxh3 {is a self mate.} 34. Kb3 Bd5+ 35. c4 Qxg3+ 36. Kc2 b3+ 37. Kd1 Qd3+ 38. Bd2 Bf3+ 39. Ke1 Bh4#) 34. Kb3 Bd5+ 35. c4 Bxc4#) 28. Bd2 Qxa1 {[%emt 0:00:48] Black mates.} 29. Qd7 Re5+ ({Weaker is} 29... Rxh5 30. Qe8#) 30. Kf4 g5+ {[%emt 0:00:09] Black used his chance.   Weighted Error Value: White=0.65/Black=0.51.  Loses game:     	---       	Black=1      Missed win:     	White=1     	---        Mistake:       	White=1     	Black=2      Inaccurate:     	White=1     	Black=2      OK:         	White=5     	Black=1      Best:        	---       	Black=2      Strong:       	White=1     	---} 0-1

[Event "USA-ch Women 2024"]
[Site "Saint Louis"]
[Date "2024.10.18"]
[Round "7.2"]
[White "Cervantes Landeiro, Thalia"]
[Black "Abrahamyan, Tatev"]
[Result "1-0"]
[ECO "E29"]
[WhiteElo "2302"]
[BlackElo "2327"]
[Annotator "RC"]
[PlyCount "115"]
[EventDate "2024.10.09"]
[EventType "tourn"]
[EventCountry "USA"]
[SourceTitle "playchess.com"]
[Source "ChessBase"]
[SourceQuality "1"]
[TimeControl "40/5400+30:1800+30"]

1. d4 Nf6 2. c4 e6 3. Nc3 Bb4 4. e3 b6 5. a3 Bxc3+ 6. bxc3 O-O 7. Bd3 c5 8. Ne2 Nc6 9. e4 Ne8 10. O-O Ba6 11. Be3 d6 12. Ng3 Na5 13. Qe2 Qd7 14. e5 f5 15. exf6 Nxf6 16. Nh5 Qf7 17. Nxf6+ Qxf6 18. Qh5 h6 19. h4 Nxc4 20. Bg5 Qf7 21. Bg6 Qc7 22. Rfe1 e5 23. Re4 Bc8 24. d5 Na5 25. Bxh6 gxh6 26. Re3 Rf6 27. Rg3 Kf8 28. Qxh6+ Qg7 29. Qh5 Bb7 30. Re1 Ke7 31. Be8 Qh6 32. Rxe5+ dxe5 33. Qxe5+ Kf8 34. Re3 Qg7 35. Bh5 Rg6 36. Bxg6 Qxe5 37. Rxe5 Rd8 38. h5 Rxd5 39. Re8+ Kg7 40. Re7+ Kf6 41. Rf7+ Kg5 42. Kh2 Bc6 43. Kh3 Rd7 44. f4+ Kh6 45. g4 Rxf7 46. Bxf7 Nb7 47. g5+ Kg7 48. Be6 Nd8 49. h6+ Kh8 50. Bg4 Be4 51. f5 Nf7 52. Kg3 b5 53. Kf4 Bd5 54. Be2 a6 55. f6 Kg8 56. Bd3 Bb3 57. h7+ Kh8 58. g6 1-0

[Event "USA-ch Women 2024"]
[Site "Saint Louis"]
[Date "2024.10.18"]
[Round "7.3"]
[White "Lee, Megan"]
[Black "Lee, Alice"]
[Result "1-0"]
[ECO "B30"]
[WhiteElo "2253"]
[BlackElo "2395"]
[Annotator "TA"]
[PlyCount "57"]
[EventDate "2024.10.09"]
[EventType "tourn"]
[EventCountry "USA"]
[SourceTitle "playchess.com"]
[Source "ChessBase"]
[SourceQuality "1"]
[TimeControl "40/5400+30:1800+30"]

1. e4 c5 2. Nf3 Nc6 3. Bb5 e6 4. Bxc6 bxc6 5. b3 Qc7 6. Bb2 d6 7. e5 d5 8. O-O {[%emt 0:01:58] White is slightly better.} Ne7 9. Re1 Nf5 10. d3 Be7 11. c4 Ba6 12. Nc3 Rd8 13. Qc1 O-O 14. Na4 dxc4 (14... Nd4 $14) 15. dxc4 $16 Nd4 {[%emt 0:01:23] [#]} 16. Re4 (16. Qc3 $1 $16) 16... Nxf3+ $14 17. gxf3 Rd3 18. f4 Rfd8 19. Re3 R8d7 20. Rxd3 Rxd3 21. Ba3 Qa5 {[%emt 0:17:27] [#]} ({Black should try} 21... f6) 22. Qe1 $1 $16 Qd8 23. Bxc5 g5 (23... Bc8 $142 24. Bxe7 (24. Bxa7 c5 $16) 24... Qxe7) 24. Qe2 $18 {[%emt 0:08:09] Threatens to win with Bxe7.} ({Not} 24. Bxa7 gxf4 25. Bb6 Qf8 $16) 24... gxf4 $2 (24... Bxc5 25. Nxc5 Rd2) 25. Bxe7 {[%emt 0:01:49] White is clearly winning.} ({Weaker is} 25. Bxa7 Kh8 $16 (25... f3 26. Qf1 $16)) 25... f3 {[%emt 0:00:03] [#]} 26. Qxf3 $3 Rxf3 27. Bxd8 Rd3 28. Bf6 Bc8 29. Nc5 {[%emt 0:00:22] Weighted Error Value: White=0.05 (flawless) /Black=0.26 (precise) .  Mistake:       	White=1     	Black=4      Inaccurate:     	---       	Black=2      OK:         	White=10    	Black=8      Best:        	White=1     	---        Strong:       	White=1     	---} 1-0

[Event "USA-ch Women 2024"]
[Site "Saint Louis"]
[Date "2024.10.18"]
[Round "7.4"]
[White "Yip, Carissa"]
[Black "Paikidze, Nazi"]
[Result "1-0"]
[ECO "B12"]
[WhiteElo "2418"]
[BlackElo "2314"]
[Annotator "TA"]
[PlyCount "73"]
[EventDate "2024.10.09"]
[EventType "tourn"]
[EventCountry "USA"]
[SourceTitle "playchess.com"]
[Source "ChessBase"]
[SourceQuality "1"]
[TimeControl "40/5400+30:1800+30"]

1. e4 c6 2. d4 d5 3. e5 Bf5 4. h4 Qb6 5. h5 h6 6. c3 e6 7. Bd3 Bxd3 8. Qxd3 {[%emt 0:00:05] The position is equal.} Qa6 9. Qe3 Nd7 10. Ne2 c5 11. Nd2 Ne7 12. a3 Nf5 13. Qf3 cxd4 14. cxd4 Rc8 15. g4 Nxd4 16. Nxd4 {[%emt 0:00:06] [#] Black must now prevent Qe3.} Nxe5 17. Qe2 Nd3+ 18. Kd1 {[%emt 0:00:13] Threatening Rh3.} Bc5 19. Rh3 $1 Qa4+ $1 20. N2b3 Nxf2+ {[%emt 0:02:54][%mdl 8192] Loses the game.} (20... Bxd4 $11 21. Rxd3 Bf6) 21. Qxf2 $18 e5 22. Qf5 O-O 23. Nc2 (23. Qxe5 Rce8 24. Qxd5 (24. Qf4 Re4 $11) 24... Bxd4 $16) 23... d4 24. g5 ({Not} 24. Qxe5 d3 25. Rxd3 (25. Nxc5 $2 Qxc2+ 26. Ke1 Rfe8 $19) 25... Qxg4+ 26. Qe2 Qg1+ 27. Ne1 Rfe8 $11) 24... d3 25. Rxd3 e4 26. Rc3 (26. Nxc5 Rxc5 27. Qxc5 exd3 $14) 26... Rcd8+ 27. Bd2 e3 28. Nxe3 Bd4 29. Qg4 f5 (29... b5 $142 30. Kc2 Bxe3 31. Qxa4 bxa4 32. Bxe3 (32. Rxe3 axb3+ 33. Rxb3 hxg5 $18) 32... axb3+ 33. Kxb3 hxg5) 30. Nxf5 Rxf5 31. Qxf5 Bxc3 32. Qe6+ Kh8 33. bxc3 Re8 34. Qf7 hxg5 35. Kc2 Qe4+ 36. Kb2 {[%emt 0:00:05] [#] aiming for h6.} Rd8 37. h6 {[%emt 0:00:09] Weighted Error Value: White=0.38/Black=0.54.  Loses game:     	---       	Black=1      Inaccurate:     	White=1     	Black=2      OK:         	White=9     	Black=5      Best:        	White=2     	Black=3      Strong:       	White=1     	Black=1} 1-0

[Event "USA-ch Women 2024"]
[Site "Saint Louis"]
[Date "2024.10.18"]
[Round "7.5"]
[White "Yu, Jennifer"]
[Black "Krush, Irina"]
[Result "1-0"]
[ECO "B21"]
[WhiteElo "2267"]
[BlackElo "2388"]
[Annotator "TA"]
[PlyCount "81"]
[EventDate "2024.10.09"]
[EventType "tourn"]
[EventCountry "USA"]
[SourceTitle "playchess.com"]
[Source "ChessBase"]
[SourceQuality "1"]
[TimeControl "40/5400+30:1800+30"]

1. e4 c5 2. d4 cxd4 3. Qxd4 Nc6 4. Qd3 Nf6 5. Nc3 e6 6. Bf4 Bb4 7. O-O-O O-O 8. f3 {[%emt 0:11:04] White has an edge.} d5 9. exd5 exd5 10. Nge2 Be6 $1 11. Nb5 Rc8 12. Ned4 Bc5 13. Kb1 a6 14. Nxc6 ({Better is} 14. Be3 $1 $11 Nd7 (14... axb5 15. Nxe6 fxe6 16. Bxc5 $16) 15. Nxe6 fxe6 16. Nd4) 14... bxc6 $15 15. Nd4 Bxd4 $1 16. Qxd4 c5 17. Qa4 d4 18. c4 {[%emt 0:01:19][%cal Of1d3] Repels Nd5} Nh5 19. Bc1 Bf5+ 20. Ka1 Qd6 21. g4 Bd7 22. Qc2 Nf4 23. h4 {[%emt 0:02:45][%cal Bh2h4,Bh4h5,Bh5h6][%mdl 32] Black must now prevent Qh2.} f5 24. Rg1 fxg4 25. fxg4 Rce8 26. h5 Bc6 27. Bd3 Nxd3 28. Qxd3 Rf3 29. Qd2 Qe6 {[%emt 0:01:09] White is weak on the light squares} 30. h6 Qxc4 (30... Qxh6 $15 31. Qxh6 gxh6) 31. Qg5 $11 Rf7 32. Rge1 {[%emt 0:01:22] Rxe8+ is the strong threat.} Be4 33. b3 Qc2 (33... Qb5 $1 $11) 34. Bb2 $16 {[%emt 0:00:31] Strongly threatening Rd2. Chess con chili.} Bc6 35. Rxe8+ $1 Bxe8 {[%emt 0:00:01] [#]} 36. Re1 (36. Rc1 $6 Qh2 $14) 36... Bc6 {[%emt 0:00:16] [#]} 37. Rc1 $1 Qe2 {[%emt 0:00:58] This costs Black the game.} (37... Qe4 $16) 38. Qxc5 $18 d3 $2 (38... Be8 $18 39. Qxd4 Rd7) 39. Qxc6 {[%emt 0:00:18] White mates.} d2 40. Qa8+ (40. Bxg7 $2 {is the wrong capture.} dxc1=Q+ (40... dxc1=R+ $2 41. Qxc1 Rf1 42. Kb1 $19) 41. Qxc1 Rf1 $19 (41... Qxg4 42. a4 $11) (41... Qxg4 42. a4 $11)) 40... Rf8 41. Qd5+ {[%emt 0:30:04] Weighted Error Value: White=0.08 (flawless) /Black=0.38.  Loses game:     	---       	Black=1      Mistake:       	White=1     	Black=3      Inaccurate:     	White=4     	Black=2      OK:         	White=12    	Black=13     Best:        	White=2     	Black=2      Strong:       	White=2     	Black=2} 1-0

[Event "USA-ch Women 2024"]
[Site "Saint Louis"]
[Date "2024.10.18"]
[Round "7.6"]
[White "Zatonskih, Anna"]
[Black "Pourkashiyan, Atousa"]
[Result "1/2-1/2"]
[ECO "E17"]
[WhiteElo "2312"]
[BlackElo "2269"]
[Annotator "RC"]
[PlyCount "116"]
[EventDate "2024.10.09"]
[EventType "tourn"]
[EventCountry "USA"]
[SourceTitle "playchess.com"]
[Source "ChessBase"]
[SourceQuality "1"]
[TimeControl "40/5400+30:1800+30"]

1. Nf3 d5 2. g3 b6 3. Bg2 Bb7 4. O-O Nd7 5. d4 e6 6. b3 Ngf6 7. Bb2 Be7 8. Nbd2 O-O 9. c4 Ne4 10. Rc1 f5 11. e3 Bf6 12. Qc2 c5 13. Rfd1 Rc8 14. Nb1 Qe8 15. Qe2 dxc4 16. bxc4 cxd4 17. exd4 Qh5 18. Re1 Rfe8 19. Qe3 Ng5 20. Nxg5 Bxg5 21. f4 Bxg2 22. Kxg2 Bf6 23. Nd2 Nb8 24. Nf3 Qf7 25. Rc2 Qb7 26. Kf2 b5 27. Qb3 Qd7 28. c5 Na6 29. Qa3 Nc7 30. c6 Qe7 31. Qxa7 Ra8 32. Qc5 Qxc5 33. dxc5 Rxa2 34. Ree2 Nd5 35. Be5 Rxc2 36. Rxc2 Nb4 37. Rd2 Nxc6 38. Bxf6 gxf6 39. Rd6 Rc8 40. Rxe6 b4 41. Nd2 Kf7 42. Rd6 Ne7 43. Nb3 Ra8 44. Rd4 Ra2+ 45. Kg1 Nc6 46. Rd7+ Kg6 47. Rd6 Rb2 48. Rxc6 Rxb3 49. Rb6 Rc3 50. Rxb4 Rxc5 51. Rb2 Rc3 52. Kg2 Ra3 53. Re2 Rb3 54. Kf2 Ra3 55. Kg2 Rb3 56. Kf2 Ra3 57. Kg2 Rb3 58. Kf2 Ra3 1/2-1/2